 Dungeon Crawl Stone Soup version 0.29-a0-91-gdebf4667c2 (webtiles) character file.

Game seed: 5099971982544772729

16 lordive the Bolt Thrower (level 2, -4/17 HPs)
             Began as a Kobold Hunter on Feb 7, 2022.
             Frozen to death by an endoplasm (5 damage)
             ... on level 1 of the Dungeon.
             The game lasted 00:00:37 (860 turns).

lordive the Bolt Thrower (Kobold Hunter)             Turns: 860, Time: 00:00:38

Health: -4/17      AC:  3    Str:  9    XL:     2   Next: 75%
Magic:  2/2        EV: 14    Int: 12    God:
Gold:   62         SH:  0    Dex: 15    Spells: 1/1 levels left

rFire   . . .      SeeInvis .   b - +0 short sword
rCold   . . .      Faith    .   (no shield)
rNeg    . . .      Spirit   .   c - +0 leather armour
rPois   .          Reflect  .   (no helmet)
rElec   .          Harm     .   (no cloak)
rCorr   .          Rampage  .   (no gloves)
Will    .....                   (no boots)
Stlth   +++.......              (no amulet)
HPRegen 0.05/turn               (no ring)
MPRegen 0.08/turn               (no ring)

@: no status effects
A: small, no large weapons, nightstalker 3
a: no special abilities


You were on level 1 of the Dungeon.
You visited 1 branch of the dungeon, and saw 1 of its levels.

You collected 62 gold pieces.

Inventory:

Hand Weapons
 a - a +1 hand crossbow
 b - a +0 short sword (weapon)
Missiles
 d - 20 bolts
Armour
 c - a +0 leather armour (worn)
Scrolls
 f - 2 scrolls of teleportation {unknown}
 g - a scroll of amnesia {unknown}
Potions
 e - a potion of flight {unknown}


   Skills:
 + Level 2.2 Fighting
 + Level 1.0 Short Blades
 + Level 5.4 Crossbows
 + Level 0.1 Armour
 + Level 2.4 Dodging
 + Level 1.3 Stealth


You had one spell level left.
You didn't know any spells.
Your spell library was empty.

Dungeon Overview and Level Annotations

Branches:
Dungeon (1/15)

Altars:


Innate Abilities, Weirdness & Mutations

You are small and have problems with some larger weapons.
You are completely attuned to the shadows.


Message History

You closely miss the rat.
A frilled lizard comes into view.
The rat bites you but does no damage. The ball python closely misses you. x2
You barely miss the ball python. The rat bites you.
The ball python closely misses you. The ball python grabs you.
The ball python constricts you.
You hit the ball python but do no damage.
The rat barely misses you. The ball python misses you.
The ball python constricts you.
You hit the ball python.
The ball python is heavily wounded.
The ball python barely misses you. The ball python constricts you.
The rat bites you.
You closely miss the ball python.
The ball python is moderately wounded.
The ball python bites you. The ball python constricts you.
The frilled lizard closely misses you.
An endoplasm comes into view.
The rat bites you but does no damage. The ball python completely misses you.
The ball python constricts you. The frilled lizard bites you.
You are too injured to fight recklessly!
You escape the ball python's grasp.
The frilled lizard bites you.
* * * LOW HITPOINT WARNING * * *
The rat closely misses you. The rat bites you but does no damage.
The rat completely misses you.
You hit the rat but do no damage. The rat barely misses you.
You hit the rat.
You kill the rat!
Your Short Blades skill increases to level 1!
You hit the endoplasm.
The endoplasm is severely wounded.
The endoplasm freezes you.
You are frozen.
* * * LOW HITPOINT WARNING * * *
You hit the endoplasm but do no damage.
The endoplasm is heavily wounded.
The endoplasm freezes you.
You are frozen.
You die...

#####..).##..###
..............
.####...#..... #
#...#..### ## ..####
#.#...## #.
#....###......### ###.
####.......>..... ..
....#####..............#
... ###lSJ@..###.....#
...# ...##...######
#..#### #.. #..#S###
#..# #.. #...# ##..#
##.. #..## #...# ##...
....: ###.#.# ##..#.
...##.#
####...#.####..##. ...
.# ....(###.#....###.
..................


You could see an endoplasm, a ball python and a frilled lizard.

Vanquished Creatures
  A bat (D:1)
  A giant cockroach (D:1)
  3 goblins (D:1)
  2 hobgoblins (D:1)
  3 kobolds (D:1)
  A ball python (D:1)
  4 rats (D:1)
15 creatures vanquished.

Notes
Turn   | Place    | Note
-------+----------+-------------------------------------------
     0 | D:1      | lordive the Kobold Hunter began the quest for the Orb.
     0 | D:1      | Reached XP level 1. HP: 12/12 MP: 1/1
    41 | D:1      | Reached skill level 5 in Crossbows
   275 | D:1      | Reached XP level 2. HP: 9/17 MP: 2/2
   859 | D:1      | Reached skill level 1 in Short Blades
   860 | D:1      | Frozen to death by an endoplasm

Illustrated notes

Levels and vault maps discovered:
D:1:      minmay_arrival_stair_chambers, layout_rooms

Skill      XL: |  1  2 |
---------------+-------+-----
Crossbows      | 5 |  5.4
Short Blades   | 1 |  1.0
Fighting       | |  2.2
Armour         | |  0.1
Dodging        | |  2.4
Stealth        | |  1.3

Action                   || total
-------------------------++-------
Melee: Short sword       ||    49
 Stab: Sleeping          ||     3
Armor: Leather armour    ||    12
Dodge: Dodged            ||    41

Table legend: (Time is in decaauts)
 A = Elapsed time spent in this place.
 B = Non-inter-level travel time spent in this place.
 C = Inter-level travel time spent in this place.
 D = Time resting spent in this place.
 E = Time spent auto-exploring this place.
 F = Levels seen in this place.
 G = Mean time per level.
                   A        B        C        D        E       F      G
               +--------+--------+--------+--------+--------+-----+--------+
         Total |    863 |    863 |      0 |      0 |    745 |   1 |  863.0 |
       Dungeon |    863 |    863 |      0 |      0 |    745 |   1 |  863.0 |
               +--------+--------+--------+--------+--------+-----+--------+

Top non-repeatable levels by time:
     D:1: 863 daAuts
